 Dungeon Crawl Stone Soup version 0.21-a0-474-g05767a10c8 (webtiles) character file.

140 Kaname the Conjurer (level 5, 35/35 HPs)
             Began as a Demonspawn Wizard on Nov 22, 2017.
             Quit the game on level 3 of the Dungeon.
             The game lasted 00:04:41 (1488 turns).

Kaname the Conjurer (Demonspawn Wizard)             Turns: 1488, Time: 00:04:41

Health: 35/35      AC:  5    Str:  7    XL:     5   Next: 2%
Magic:  6/9        EV: 12    Int: 20    God:
Gold:   98         SH:  5    Dex: 12    Spells: 9/10 levels left

rFire    . . .     SeeInvis .   g - +0 spear (pierce)
rCold    . . .     Gourm    .   (no shield)
rNeg     . . .     Faith    .   a - +0 robe
rPois    .         Spirit   .   b - +0 hat
rElec    .         Reflect  +   (no cloak)
rCorr    .         Harm     .   (no gloves)
MR       .....                  j - +0 pair of boots
Stlth    ++........             m - +5 amulet of reflection
HPRegen  0.11/turn              p - ring of flight
MPRegen  0.11/turn              (no ring)

@: no status effects
A: antennae 1, molten scales 1, demonic guardian 1
a: Evoke Flight


You were on level 3 of the Dungeon.
You were not hungry.

You visited 1 branch of the dungeon, and saw 3 of its levels.

You collected 98 gold pieces.

Inventory:

Hand Weapons
 g - a +0 spear of piercing (weapon)
Armour
 a - a +0 robe (worn)
 b - a +0 hat (worn)
 j - a +0 pair of boots (worn)
Jewellery
 m - a +5 amulet of reflection (around neck)
 p - a ring of flight (left hand)
Scrolls
 f - a scroll of random uselessness {unknown}
 h - a scroll of remove curse {unknown}
 i - 4 scrolls of identify {unknown}
 l - a scroll of immolation {unknown}
 o - 3 scrolls of enchant armour {unknown}
 q - a scroll of fear {unknown}
 t - 2 scrolls of fog {unknown}
 v - a scroll of magic mapping {unknown}
Potions
 e - a potion of degeneration {unknown}
 k - 2 potions of heal wounds {unknown}
 s - a potion of curing {unknown}
 u - a potion of ambrosia {unknown}
 w - a potion of lignification {unknown}
Books
 c - a book of Minor Magic

   Spells                             Type                      Level
   a - Magic Dart                     Conjuration                  1
   b - Blink                          Translocation                2
   c - Call Imp                       Summoning                    2
   d - Slow                           Hexes                        2
   e - Conjure Flame                  Conjuration/Fire             3
   f - Mephitic Cloud                 Conjuration/Poison/Air       3
Comestibles
 d - 2 bread rations
 n - 3 royal jellies
 r - 2 fruits
 x - a chunk of flesh


   Skills:
 - Level 1.7 Dodging
 - Level 1.7 Stealth
 - Level 3.0 Spellcasting
 + Level 4.9 Conjurations
   Level 1.0 Summonings
   Level 0.8 Translocations


You had 9 spell levels left.
You knew the following spells:

 Your Spells              Type           Power        Failure   Level  Hunger
a - Magic Dart            Conj           ###.         1%          1    None


Dungeon Overview and Level Annotations

Branches:
Dungeon (3/15)

Altars:


Innate Abilities, Weirdness & Mutations

You have a pair of small antennae on your head.
You are partially covered in molten scales. (AC +2)
A weak demonic guardian rushes to your aid.


Message History

Casting: Magic Dart
Confirm with . or Enter, or press ? or * to list all spells.
Aiming: Magic Dart
Press: ? - help, Shift-Dir - straight line, f - ooze
Aim: an ooze (resting)
The magic dart hits the ooze.
The ooze is severely wounded.
The ooze quivers.
Unknown command.
Casting: Magic Dart
Confirm with . or Enter, or press ? or * to list all spells.
Aiming: Magic Dart
Press: ? - help, Shift-Dir - straight line, f/p - ooze
Aim: an ooze (severely wounded)
The magic dart hits the ooze.
You kill the ooze!
You have reached level 5!
Your demonic ancestry asserts itself...
Molten scales grow over part of your body.
Are you sure you want to abandon this character and quit the game? (Confirm with "yes".)

#.# #.#
###.# #.#
#...# #.#
#.### #.#
#.# #.#
#.# #.#
#.# #.#
#.# #.#
#.# #@#
#.# #.#
#.# #.#
#.# #.#
#######.#
#.#
.†......#
#.#
#########
#.# ..#


There were no monsters in sight!

Vanquished Creatures
  An ooze (D:3)
  A worm (D:2)
  A dart slug (D:1)
  2 leopard geckos
  3 bats
  4 goblins
  4 hobgoblins
  6 jackals
  3 quokkas (D:3)
  2 frilled lizards
  5 kobolds
  2 rats
34 creatures vanquished.

Vanquished Creatures (collateral kills)
  The ghost of NihilVerum the Firebug, an amateur OgFE (D:3)
1 creature vanquished.

Grand Total: 35 creatures vanquished

Notes
Turn   | Place    | Note
-------+----------+-------------------------------------------
     0 | D:1      | Kaname the Demonspawn Wizard began the quest for the Orb.
     0 | D:1      | Reached XP level 1. HP: 13/13 MP: 4/4
   390 | D:1      | Reached skill level 2 in Conjurations
   549 | D:1      | Gained mutation: You have a pair of small antennae on your head. [demonic ancestry]
   549 | D:1      | Reached XP level 2. HP: 19/19 MP: 1/6
   983 | D:2      | Found a faded altar of an unknown god.
  1026 | D:2      | Reached skill level 3 in Conjurations
  1048 | D:2      | Gained mutation: A weak demonic guardian rushes to your aid. [demonic ancestry]
  1048 | D:2      | Reached XP level 3. HP: 24/24 MP: 0/7
  1254 | D:3      | Noticed NihilVerum's ghost (amateur OgFE)
  1285 | D:3      | Killed NihilVerum's ghost
  1285 | D:3      | Reached skill level 4 in Conjurations
  1285 | D:3      | Reached XP level 4. HP: 24/30 MP: 4/8
  1487 | D:3      | Gained mutation: You are partially covered in molten scales. (AC +2) [demonic ancestry]
  1487 | D:3      | Reached XP level 5. HP: 35/35 MP: 6/9
  1488 | D:3      | Quit the game

Vault maps used:
D:1:      lightli_arrival_isolated_outpost, hangedman_decor_push
D:2:      chequers_ecumenical_altar_simple, minmay_box_of_dots
D:3:      gammafunk_temple_overflow_pools

Skill      XL: |  1  2  3 |
---------------+----------+-----
Conjurations   | 2 3 4 |  4.9
Dodging        | |  1.7
Stealth        | |  1.7
Spellcasting   | |  3.0
Summonings     | |  1.0
Translocations | |  0.8

Action                   |  1- 3 |  4- 6 || total
-------------------------+-------+-------++-------
Melee: Whip              |    11 |       ||    11
       Spear             |    38 |     9 ||    47
 Cast: Magic Dart        |    40 |    12 ||    52
 Stab: Sleeping          |     1 |     1 ||     2
  Eat: Chunk             |     1 |     1 ||     2
Armor: Robe              |     5 |     2 ||     7
Dodge: Dodged            |    31 |     5 ||    36
Block: Other             |     7 |     2 ||     9
       Reflection        |     1 |       ||     1

Table legend:
 A = Spawn XP
 B = Non-spawn XP
 C = Spawn XP percentage of total XP
 D = Spawn monster count
 E = Non-spawn monster count
 F = Spawn count percentage of total count
 G = Total turns spent on level
                    A         B        C        D         E        F      G
               +---------+---------+-------+---------+---------+-------+---------
         Total |       0 |     201 |   0.0 |       0 |      35 |   0.0 |  1488
               +---------+---------+-------+---------+---------+-------+---------
           D:1 |       0 |      23 |   0.0 |       0 |      12 |   0.0 |   869
           D:2 |       0 |      22 |   0.0 |       0 |      12 |   0.0 |   338
           D:3 |       0 |     156 |   0.0 |       0 |      11 |   0.0 |   281
               +---------+---------+-------+---------+---------+-------+---------
